 Dungeon Crawl Stone Soup version 0.28-a0-313-gbc0475efdd (webtiles) character file.

Game seed: 16635171746479369161

2478 pokeman the Thaumaturge (level 9, -6/48 HPs)
             Began as a Deep Elf Hedge Wizard on Aug 31, 2021.
             Killed from afar by an acid dragon (29 damage)
             ... with a splash of acid
             ... on level 8 of the Dungeon.
             The game lasted 00:20:23 (9765 turns).

pokeman the Thaumaturge (Deep Elf Hedge Wizard)     Turns: 9765, Time: 00:20:24

Health: -6/48      AC:  4    Str:  4    XL:     9   Next: 27%
Magic:  16/26      EV: 12    Int: 23    God:
Gold:   300        SH:  0    Dex: 14    Spells: 19/30 levels left

rFire   . . .      SeeInvis .   y - +3 hand axe of Lonuw {protect, +Blink rPois Str-3}
rCold   . . .      Faith    .   (no shield)
rNeg    . . .      Spirit   .   o - +0 leather armour
rPois   +          Reflect  .   c - +0 hat
rElec   .          Harm     .   n - +0 cloak
rCorr   .          Rampage  .   (no gloves)
Will    +....                   (no boots)
Stlth   ++........              (no amulet)
HPRegen 0.16/turn               s - ring of flight
MPRegen 0.20/turn               G - ring of willpower

@: flying, very slightly contaminated
A: no striking features
a: Evoke Blink


You were on level 8 of the Dungeon.
You visited 2 branches of the dungeon, and saw 9 of its levels.
You also visited: Sewer.

You collected 300 gold pieces.

Inventory:

Hand Weapons
 k - a +2 quarterstaff of chaos
 m - a +0 dagger of venom
 y - the +3 hand axe of Lonuw (weapon) {protect, +Blink rPois Str-3}
   (You took it off a kobold on level 4 of the Dungeon)

   It grants its wielder temporary protection when it strikes (+7 to AC).
   Str:       It affects your strength (-3).
   rPois:     It protects you from poison.
   +Blink:    It lets you blink.
 C - a +1 hand axe of electrocution
 H - a +0 shortbow
Missiles
 a - 108 arrows
 t - 50 bolts
Armour
 c - a +0 hat (worn)
 n - a +0 cloak (worn)
 o - a +0 leather armour (worn)
 B - a +0 buckler
Jewellery
 s - a ring of flight (left hand)
 u - a +4 ring of protection
 G - a ring of willpower (right hand)
 L - a ring of ice
Wands
 F - a wand of digging (6)
Scrolls
 d - 5 scrolls of vulnerability {unknown}
 f - a scroll of noise {unknown}
 g - 2 scrolls of amnesia {unknown}
 h - a scroll of blinking {unknown}
 l - 6 scrolls of identify {unknown}
 r - 2 scrolls of fear {unknown}
 z - a scroll of immolation {unknown}
 A - 3 scrolls of teleportation {unknown}
 D - a scroll of silence {unknown}
 E - a scroll of enchant weapon {unknown}
 K - a scroll of brand weapon {unknown}
Potions
 b - 3 potions of curing
 e - a potion of magic {unknown}
 i - a potion of resistance {unknown}
 j - 3 potions of degeneration {unknown}
 p - 3 potions of flight
 q - 2 potions of heal wounds
 v - a potion of cancellation {unknown}
 w - a potion of berserk rage {unknown}
 x - a potion of attraction {unknown}
 I - a potion of mutation {unknown}
 J - a potion of lignification {unknown}


   Skills:
 - Level 2.0 Fighting
 - Level 2.0 Armour
 - Level 3.2 Dodging
 - Level 3.0 Stealth
 + Level 2.8 Shields
 * Level 11.0 Spellcasting
 + Level 6.1 Conjurations
 - Level 3.0 Summonings
 - Level 1.1 Translocations
 + Level 4.2 Fire Magic
 - Level 1.0 Air Magic
 - Level 1.0 Poison Magic
 - Level 1.0 Evocations


You had 19 spell levels left.
You knew the following spells:

 Your Spells              Type           Power      Damage    Failure   Level
a - Magic Dart            Conj           100%       1d8       1%          1
b - Mephitic Cloud        Conj/Pois/Air  25%        N/A       9%          3
c - Call Imp              Summ           26%        N/A       3%          2
d - Blink                 Tloc           N/A        N/A       9%          2
e - Conjure Flame         Conj/Fire      36%        6-21      3%          3

Your spell library contained the following spells:

 Spells                   Type           Power      Damage    Failure   Level
 Slow                     Hex            12%        N/A       13%         2
 Ozocubu's Armour         Ice            12%        N/A       26%         3
 Ozocubu's Refrigeration  Ice            6%         4d6       100%        7


Dungeon Overview and Level Annotations

Branches:
Dungeon (8/15)             Temple (1/1) D:5           Sewer (visited)
   Lair: D:8-11

Altars:
Ashenzari
Cheibriados
Elyvilon
Fedhas
Gozag
Hepliaklqana
Kikubaaqudgha
Makhleb
Nemelex Xobeh
Okawaru
Qazlal
Ru
Sif Muna
Trog
Uskayaw
Wu Jian
Xom
Yredelemnul
Zin
The Shining One

Shops:
D:1 (=*   D:4 (


Message History

Unknown command.
Casting: Mephitic Cloud (dangerous; 9% risk of failure)
Confirm with . or Enter, or press ? or * to list all spells.
Aiming: Magic Dart (safe; 1% risk of failure)
Press: ? - help, Shift-Dir - straight line, f - orc wizard
Aim: an orc wizard, wielding a +0 dagger and wearing a +0 robe (lightly wounded, confused, 100% to hit)
The magic dart hits the orc wizard!
The orc wizard is heavily wounded.
Something shouts, "What's happening?!"
Something hits you but does no damage.
Casting: Magic Dart (safe; 1% risk of failure)
Confirm with . or Enter, or press ? or * to list all spells.
Aiming: Magic Dart (safe; 1% risk of failure)
Press: ? - help, Shift-Dir - straight line, f/p - orc wizard
Aim: an orc wizard, wielding a +0 dagger and wearing a +0 robe (heavily wounded, confused, 100% to hit)
The magic dart hits the orc wizard but does no damage.
The orc wizard is heavily wounded.
Unknown command.
Casting: Magic Dart (safe; 1% risk of failure)
Confirm with . or Enter, or press ? or * to list all spells.
Aiming: Magic Dart (safe; 1% risk of failure)
Press: ? - help, Shift-Dir - straight line, f/p - orc wizard
Aim: an orc wizard, wielding a +0 dagger and wearing a +0 robe (heavily wounded, confused, 100% to hit)
The magic dart hits the orc wizard but does no damage.
The orc wizard is heavily wounded.
Unknown command.
Casting: Magic Dart (safe; 1% risk of failure)
Confirm with . or Enter, or press ? or * to list all spells.
Aiming: Magic Dart (safe; 1% risk of failure)
Press: ? - help, Shift-Dir - straight line, f/p - orc wizard
Aim: an orc wizard, wielding a +0 dagger and wearing a +0 robe (heavily wounded, confused, 100% to hit)
The magic dart hits the orc wizard!
You kill the orc wizard!
Something hits the wolf but does no damage.
An acid dragon comes into view.
The acid dragon roars!
The acid dragon spits acid at you. The splash of acid hits you!!
Ouch! That really hurt!
You die...

.......{.####
#.......D...#
.#....../...##
.............#
####..........##
#.......<......#
#.......°....?##
####...)h{....#
......)@.....##
#####.......##
##......#
###...## #...#
...# ...# ....


You could see an acid dragon (catching breath) and a wolf (confused).

Vanquished Creatures
  Grum (D:7)
  3 water moccasins
  A hornet zombie (D:6)
  A necrophage (D:4)
  A black bear (D:6)
  A wolf (D:8)
  6 ogres
  A centaur (D:7)
  A kobold brigand (Sewer)
  3 bullfrogs (D:7)
  2 scorpions
  4 bullfrog zombies
  A hound (D:5)
  4 jellies
  Crazy Yiuf (D:2)
  Terence (D:2)
  2 bullfrog skeletons
  3 iguanas
  3 orc wizards
  A scorpion zombie (D:5)
  7 adders
  A howler monkey skeleton (D:5)
  An adder zombie (D:4)
  A worm (D:3)
  5 dart slugs
  12 orcs
  2 ball pythons
  10 endoplasms
  2 giant cockroaches
  5 goblins
  9 hobgoblins
  4 jackals
  5 quokkas
  3 bats
  6 frilled lizards
  18 kobolds
  6 rats
138 creatures vanquished.

Vanquished Creatures (others)
  An orc (D:4)
  4 plants (D:2)
5 creatures vanquished.

Grand Total: 143 creatures vanquished

Notes
Turn   | Place    | Note
-------+----------+-------------------------------------------
     0 | D:1      | pokeman the Deep Elf Hedge Wizard began the quest for the
                  | Orb.
     0 | D:1      | Reached XP level 1. HP: 10/10 MP: 7/7
   314 | D:1      | Reached XP level 2. HP: 3/16 MP: 0/9
   586 | D:1      | Found Qoelenui's Jewellery Shop.
   938 | D:1      | Reached skill level 5 in Spellcasting
  1049 | D:1      | Found Afacvuwn's General Store.
  1333 | D:1      | Found Ruynih's Weapon Boutique.
  1356 | D:1      | Reached XP level 3. HP: 20/20 MP: 5/11
  1360 | D:1      | Learned a level 3 spell: Mephitic Cloud
  1363 | D:1      | Learned a level 2 spell: Call Imp
  1366 | D:1      | Learned a level 2 spell: Blink
  1370 | D:1      | Learned a level 3 spell: Conjure Flame
  1946 | D:2      | Noticed Terence
  2363 | D:2      | Killed Terence
  2364 | D:2      | Reached skill level 1 in Fighting
  2364 | D:2      | Reached skill level 1 in Armour
  2642 | D:2      | Found a runed translucent door.
  2643 | D:2      | Noticed Crazy Yiuf
  2724 | D:2      | Reached XP level 4. HP: 25/25 MP: 7/13
  3079 | D:2      | Found a faded altar of an unknown god.
  3363 | D:2      | Killed Crazy Yiuf
  3364 | D:2      | Reached skill level 1 in Fire Magic
  3587 | D:3      | Found a glowing drain.
  3608 | D:3      | Reached XP level 5. HP: 16/29 MP: 6/15
  3631 | Sewer    | Entered a sewer
  3635 | Sewer    | Reached skill level 6 in Spellcasting
  3819 | Sewer    | Reached skill level 1 in Air Magic
  4018 | Sewer    | Found a glowing silver altar of Zin.
  4255 | D:3      | Found a blossoming altar of Fedhas.
  4573 | D:3      | Reached XP level 6. HP: 31/34 MP: 11/17
  4945 | D:4      | Reached skill level 1 in Poison Magic
  4969 | D:4      | Reached skill level 7 in Spellcasting
  5121 | D:4      | Found Wucihew's Weapon Shoppe.
  5249 | D:4      | Reached XP level 7. HP: 39/39 MP: 8/20
  5412 | D:4      | Identified the +3 hand axe of Lonuw {protect, +Blink rPois
                  | Str-3}
  5706 | D:4      | Reached skill level 8 in Spellcasting
  5793 | D:4      | Found a glowing golden altar of the Shining One.
  5803 | D:4      | Found a basalt altar of Yredelemnul.
  5806 | D:4      | Noticed a profane servitor
  5862 | D:4      | Noticed an angel
  5893 | D:5      | Entered Level 5 of the Dungeon
  6083 | D:5      | Found a staircase to the Ecumenical Temple.
  6092 | Temple   | Entered the Ecumenical Temple
  7046 | D:5      | Reached XP level 8. HP: 44/44 MP: 14/22
  7374 | D:6      | Reached skill level 9 in Spellcasting
  7602 | D:6      | Reached skill level 1 in Shields
  7608 | D:6      | Reached skill level 1 in Evocations
  7753 | D:6      | Reached skill level 5 in Conjurations
  8093 | D:6      | Reached skill level 10 in Spellcasting
  8799 | D:7      | Reached XP level 9. HP: 48/48 MP: 20/25
  9068 | D:7      | Found a sparkling altar of Nemelex Xobeh.
  9104 | D:7      | Found a shimmering altar of Xom.
  9386 | D:8      | Noticed Grum
  9420 | D:7      | Killed Grum
  9585 | D:8      | Reached skill level 11 in Spellcasting
  9765 | D:8      | Killed from afar by an acid dragon

Illustrated notes

Levels and vault maps discovered:
D:1:      wander_arrival_fairy_ring, layout_basic, serial_shops, shop,
          nicolae_diamond_shop, shop
D:2:      layout_rooms, shapermc_ecumenical_altar_notcrosses, serial_forest,
          infiniplex_forest_clump_small, infiniplex_forest_end_3,
          infiniplex_forest_diagonal, infiniplex_forest_lined_4_way,
          infiniplex_forest_clump_small, infiniplex_forest_clump_tiny,
          uniq_terence, uniq_crazy_yiuf_cottage
D:3:      layout_basic, fedhas_altar_2, cheibrodos_sewer_entry_bend
D:4:      layout_basic, grunt_temple_overflow_holy_war, serial_shops,
          nicolae_shop_trees
D:5:      layout_gridville, minmay_temple_entry_butterflies, fountainhead
D:6:      layout_basic, chequers_serial_rivers_large_a, minmay_misc_feat_pillars
D:7:      layout_cave_pools, nemelex_dance_club_becter, dk_xom_monty_hall,
          corexii_leaking_fountain, kennysheep_another_room
D:8:      layout_cave_pods, general_overflow_altar, overflow_temple_1_default,
          nicolae_alphabet_shops, minivault_22, serial_park_tiny_1,
          hangedman_abyss_or_decor_stagger, bh_walls_and_bars, uniq_grum,
          uniq_pikel, uniq_joseph
Temple:   regret_index_temple_generic_petals

Skill      XL: |  1  2  3  4  5  6  7  8  9 |
---------------+----------------------------+-----
Spellcasting   | 5 6 7 8 10 11 | 11.0
Fighting       | 1 2 |  2.0
Armour         | 1 2 |  2.0
Conjurations   | 2 3 4 5 6 |  6.1
Fire Magic     | 1 2 3 4 |  4.2
Dodging        | 3 |  3.2
Air Magic      | 1 |  1.0
Poison Magic   | 1 |  1.0
Stealth        | 3 |  3.0
Summonings     | 2 3 |  3.0
Shields        | 2 |  2.8
Evocations     | 1 |  1.0
Translocations | |  1.1

Action                   |  1- 3 |  4- 6 |  7- 9 || total
-------------------------+-------+-------+-------++-------
Melee: Dagger            |    20 |    27 |     2 ||    49
       Hand axe          |       |       |    41 ||    41
 Cast: Magic Dart        |    96 |    98 |   158 ||   352
       Conjure Flame     |     5 |     5 |    17 ||    27
       Mephitic Cloud    |     3 |     9 |    18 ||    30
       Call Imp          |     2 |       |     3 ||     5
       Blink             |     1 |       |     4 ||     5
 Stab: Confused          |     2 |     1 |     1 ||     4
       Sleeping          |       |       |     1 ||     1
Armor: Robe              |     5 |     1 |       ||     6
       Leather armour    |       |     3 |    22 ||    25
Dodge: Dodged            |    18 |    25 |    50 ||    93

Table legend: (Time is in decaauts)
 A = Elapsed time spent in this place.
 B = Non-inter-level travel time spent in this place.
 C = Inter-level travel time spent in this place.
 D = Time resting spent in this place.
 E = Time spent auto-exploring this place.
 F = Levels seen in this place.
 G = Mean time per level.
                   A        B        C        D        E       F      G
               +--------+--------+--------+--------+--------+-----+--------+
         Total |   9804 |   9537 |    267 |   1007 |   7206 |  10 |  980.4 |
       Dungeon |   9145 |   8902 |    243 |    994 |   6628 |   8 | 1143.1 |
        Temple |    207 |    183 |     24 |      0 |    175 |   1 |  207.0 |
         Sewer |    452 |    452 |      0 |     13 |    403 |   1 |  452.0 |
               +--------+--------+--------+--------+--------+-----+--------+

Top non-repeatable levels by time:
     D:2: 1879 daAuts
     D:1: 1651 daAuts
     D:7: 1365 daAuts
     D:6: 1205 daAuts
     D:5: 1067 daAuts
     D:3: 980 daAuts
     D:4: 956 daAuts
   Sewer: 452 daAuts
  Temple: 207 daAuts
     D:8: 38 daAuts
